AoeStats
← grilopse

Arena

507063097Analyzed
3v3 RM · 16d ago on Sep 16, 2026· 103m 42s· 6 players
Game mode
Random Map
Map size
Normal (6 player)
Population
200
Speed
Normal
Resources
Standard
Victory
Conquest
Starting age
Dark Age
Ending age
Imperial Age
RankedLock teamsTeams togetherTeam positionsShared explorationLock speedFull tech treeHidden civsTurbo modeCheats
Victory
Defeat
🇨🇳 Franks · China
1058
+16
🇹🇼 Huns · Taiwan
1054
+40
🇧🇷 Bohemians · Brazil
983
+19
🇲🇦 Britons · Morocco
1096
-18
🇲🇦 Spanish · Morocco
1060
-17
🇲🇦 Jurchens · Morocco
1029
-16
清秋
11:31 Feudal Age
10:13 Loom
12:57 Double-Bit Axe
12:55 Horse Collar
19:55 Castle Age
23:02 Marauders
24:07 Scale Barding Armor
24:14 Forging
25:34 Chain Barding Armor
31:54 Imperial Age
29:53 Heavy Plow
34:25 Atheism
35:14 Man-at-Arms
43:47 Long Swordsman
44:40 Two-Handed Swordsman
48:49 Capped Ram
67:45 Bow Saw
68:56 Light Cavalry
73:58 Pikeman
74:41 Squires
81:53 Two-Man Saw
80:43 Town Watch
83:36 Hussar
84:52 Bloodlines
84:46 Husbandry
93:36 Plate Barding Armor
93:37 Iron Casting
98:34 Halberdier
坐龙椅穿龙袍
10:36 Feudal Age
12:42 Wheelbarrow
14:56 Castle Age
13:07 Double-Bit Axe
16:35 Bow Saw
22:17 Loom
23:27 Hand Cart
23:54 Fletching
24:04 Padded Archer Armor
24:56 Bodkin Arrow
28:05 Scale Barding Armor
28:10 Forging
28:42 Gold Mining
28:42 Stone Mining
30:43 Gold Shaft Mining
29:58 Town Watch
31:55 Town Patrol
34:44 Imperial Age
32:37 Chain Barding Armor
33:53 Iron Casting
33:58 Husbandry
36:13 Plate Barding Armor
36:39 Blast Furnace
35:04 Cavalier
36:33 Paladin
38:10 Fortified Wall
38:20 Ballistics
39:00 Chemistry
40:08 Masonry
45:54 Hoardings
48:18 Conscription
63:06 Capped Ram
67:08 Siege Engineers
66:29 Light Cavalry
68:31 Architecture
70:24 Caravan
71:24 Scale Mail Armor
79:53 Conscription
galv
12:05 Feudal Age
12:06 Loom
13:56 Double-Bit Axe
13:57 Horse Collar
16:55 Castle Age
21:58 Bow Saw
22:43 Fletching
25:49 Elite Skirmisher
26:46 Bodkin Arrow
26:52 Padded Archer Armor
29:43 Wheelbarrow
30:22 Squires
31:23 Pikeman
31:49 Arson
36:53 Town Watch
41:05 Imperial Age
39:19 Treadmill Crane
40:14 Forging
40:04 Scale Mail Armor
41:22 Hand Cart
42:59 Two-Man Saw
42:41 Conscription
43:51 Halberdier
46:04 Chain Mail Armor
46:28 Leather Archer Armor
47:39 Iron Casting
47:13 Siege Engineers
47:34 Town Patrol
48:10 Ballistics
49:37 Chemistry
50:49 Wagenburg Tactics
52:12 Plate Mail Armor
52:13 Ring Archer Armor
52:09 Fortified Wall
52:10 Masonry
52:15 Bracer
52:40 Murder Holes
56:54 Blast Furnace
65:25 Architecture
69:37 Caravan
70:07 Coinage
69:48 Guilds
70:51 Elite Hussite Wagon
73:41 Heavy Plow
74:14 Banking
dragonslilver
11:57 Feudal Age
15:45 Castle Age
13:44 Double-Bit Axe
13:40 Horse Collar
16:53 Bow Saw
16:59 Heavy Plow
22:23 Wheelbarrow
22:30 Town Watch
23:51 Stone Mining
25:59 Hand Cart
29:54 Imperial Age
27:11 Loom
27:40 Pikeman
28:21 Squires
28:26 Scale Mail Armor
28:37 Forging
30:28 Chain Mail Armor
30:48 Iron Casting
30:11 Halberdier
32:21 Conscription
32:16 Gold Mining
33:13 Guilds
34:15 Plate Mail Armor
34:46 Blast Furnace
33:37 Fletching
34:42 Warwolf
35:09 Masonry
36:00 Chemistry
36:01 Elite Longbowman
37:02 Yeomen
37:16 Ballistics
37:27 Architecture
37:02 Padded Archer Armor
39:15 Bodkin Arrow
39:36 Leather Archer Armor
41:15 Arson
41:36 Bracer
42:06 Ring Archer Armor
44:38 Scale Barding Armor
45:08 Coinage
44:49 Guilds
46:51 Banking
83:31 Caravan
Poketale
10:50 Feudal Age
15:29 Castle Age
13:25 Loom
14:30 Double-Bit Axe
24:30 Bloodlines
25:27 Husbandry
30:59 Fletching
35:02 Town Watch
36:23 Padded Archer Armor
38:09 Leather Archer Armor
42:20 Imperial Age
48:21 Ring Archer Armor
49:00 Conscription
58:41 Wheelbarrow
61:10 Hand Cart
61:37 Town Patrol
62:56 Bow Saw
65:17 Forging
64:51 Light Cavalry
66:37 Hussar
73:38 Scale Barding Armor
74:09 Iron Casting
74:35 Coinage
76:46 Chain Barding Armor
78:36 Plate Barding Armor
80:26 Blast Furnace
80:43 Supremacy
83:23 Bodkin Arrow
83:53 Masonry
83:43 Murder Holes
83:59 Fortified Wall
85:02 Bracer
85:46 Banking
89:45 Caravan
92:46 Cavalier
94:40 Architecture
98:11 Scale Mail Armor
grilopse
11:48 Feudal Age
13:33 Loom
16:28 Castle Age
16:10 Double-Bit Axe
16:09 Horse Collar
19:27 Bow Saw
19:51 Heavy Plow
21:46 Wheelbarrow
25:02 Hand Cart
25:04 Forging
25:00 Scale Barding Armor
30:51 Imperial Age
30:08 Forging
34:55 Iron Casting
34:21 Scale Mail Armor
34:30 Scale Barding Armor
36:09 Bloodlines
39:30 Elite Steppe Lancer
43:45 Chain Barding Armor
44:26 Blast Furnace
48:04 Plate Barding Armor
53:50 Light Cavalry
58:39 Hussar
Connection lost

Rejoining the realm…

Still unreachable

The connection could not be restored.

Session expired

The server has moved on; the page needs a fresh start.